TOP OF THE 1ST |
---|
Oklahoma State Cowboys batting - Pitching for Auburn Tigers : LHP Ed Taylor | Pitching: LHP Ed Taylor | | Batting: RHB Derrek Lane | 0-0: SINGLE (Flyball, 9S) | Batting: RHB Eddie Fisher | 0-0: Called Strike Throwing error on steal attempt, E2 Derrek Lane to third 0-1: Foul Ball, location: 2F 0-2: Foul Ball, location: 2F 0-2: Ball 1-2: Foul Ball, location: 2F 1-2: Foul Ball, location: 2F 1-2: Ball 2-2: Ball 3-2: Foul Ball, location: 2F 3-2: Strikes out looking | Batting: SHB Jacob Lachance | 0-0: Ball 1-0: SINGLE (Groundball, 6MD) Derrek Lane scores | Batting: SHB Ernest Hood | 0-0: Ball 1-0: Called Strike 1-1: Grounds into double play, 6-4-3 (Groundball, 6) | Top of the 1st over - 1 run, 2 hits, 1 error, 0 left on base; Oklahoma State 1 - Auburn 0 | BOTTOM OF THE 1ST |
---|
Auburn Tigers batting - Pitching for Oklahoma State Cowboys : LHP Jason Hall | Pitching: LHP Jason Hall | | Batting: SHB Andrew Johnson | 0-0: Ball 1-0: Called Strike 1-1: Called Strike 1-2: Foul Ball, location: 2F 1-2: Ball 2-2: Foul Ball, location: 2F 2-2: Ball 3-2: Base on Balls | Batting: RHB Lou Perry | 0-0: Called Strike Andrew Johnson steals 2nd base 0-1: Fly out, F8 (Flyball, 78M) | Batting: SHB Anthony Thomas | 0-0: Ball 1-0: Ground out 6-3 (Groundball, 6) Andrew Johnson to third | Batting: RHB Ed McVinish | 0-0: Ball 1-0: Ball 2-0: Foul Ball, location: 2F 2-1: Ball 3-1: Foul Ball, location: 2F 3-2: Base on Balls | Batting: LHB Emmett Logan | 0-0: Ball 1-0: Called Strike 1-1: Ball 2-1: Called Strike 2-2: Ball 3-2: 3-RUN HOME RUN (Flyball, 7LD), Distance : 319 ft | Batting: RHB Mike Brown | 0-0: Called Strike 0-1: Ball 1-1: Ground out U3 (Groundball, 3) | Bottom of the 1st over - 3 runs, 1 hit, 0 errors, 0 left on base; Oklahoma State 1 - Auburn 3 | TOP OF THE 2ND |
---|
Oklahoma State Cowboys batting - Pitching for Auburn Tigers : LHP Ed Taylor | Batting: RHB Hank Quinn | 0-0: Called Strike 0-1: Ball 1-1: Called Strike 1-2: Ball 2-2: Fly out, F7 (Flyball, 78S) | Batting: RHB Dennis Ingram | 0-0: Ball 1-0: Called Strike 1-1: SINGLE (Groundball, 4MD) | Batting: RHB Ricardo Toledo | 0-0: Ball 1-0: Ball 2-0: Fielders Choice at 2nd, 1-6 (Groundball, 13S) | Batting: RHB Tony Swanson | 0-0: Called Strike 0-1: Foul Ball, location: 2F 0-2: Ball 1-2: Foul Ball, location: 2F 1-2: Strikes out looking | Top of the 2nd over - 0 runs, 1 hit, 0 errors, 1 left on base; Oklahoma State 1 - Auburn 3 | BOTTOM OF THE 2ND |
---|
Auburn Tigers batting - Pitching for Oklahoma State Cowboys : LHP Jason Hall | Batting: LHB Armando Vázquez | 0-0: Foul Ball, location: 2F 0-1: Ground out 4-3 (Groundball, 4) | Batting: RHB Mike Farley | 0-0: Ball 1-0: Swinging Strike 1-1: Ball 2-1: Foul Ball, location: 2F 2-2: Ball 3-2: Base on Balls | Batting: LHB Julián Icaza | 0-0: Called Strike 0-1: Called Strike 0-2: Foul Ball, location: 2F 0-2: Ball 1-2: Fly out, F8 (Flyball, 8LS) | Batting: SHB Andrew Johnson | 0-0: Ball 1-0: Fielders Choice at 2nd, 6-4 (Groundball, 6) | Bottom of the 2nd over - 0 runs, 0 hits, 0 errors, 1 left on base; Oklahoma State 1 - Auburn 3 | TOP OF THE 3RD |
---|
Oklahoma State Cowboys batting - Pitching for Auburn Tigers : LHP Ed Taylor | Batting: RHB Stephen Olvera | 0-0: Swinging Strike 0-1: Swinging Strike 0-2: Ball 1-2: Ball 2-2: Strikes out swinging | Batting: RHB Derrek Lane | 0-0: Ball 1-0: Called Strike 1-1: Ground out 5-3 (Groundball, 56) | Batting: RHB Eddie Fisher | 0-0: Ball 1-0: Ground out U3 (Groundball, 34S) | Top of the 3rd over - 0 runs, 0 hits, 0 errors, 0 left on base; Oklahoma State 1 - Auburn 3 | BOTTOM OF THE 3RD |
---|
Auburn Tigers batting - Pitching for Oklahoma State Cowboys : LHP Jason Hall | Batting: RHB Lou Perry | 0-0: Foul Ball, location: 2F 0-1: Fly out, F6 (Popup, 6MD) | Batting: SHB Anthony Thomas | 0-0: Ground out 6-3 (Groundball, 6) | Batting: RHB Ed McVinish | 0-0: Swinging Strike 0-1: Ball 1-1: Ball 2-1: Ball 3-1: Base on Balls | Batting: LHB Emmett Logan | 0-0: Called Strike Throwing error on steal attempt, E2 Ed McVinish to third 0-1: Called Strike 0-2: Strikes out looking | Bottom of the 3rd over - 0 runs, 0 hits, 1 error, 1 left on base; Oklahoma State 1 - Auburn 3 | TOP OF THE 4TH |
---|
Oklahoma State Cowboys batting - Pitching for Auburn Tigers : LHP Ed Taylor | Batting: SHB Jacob Lachance | 0-0: Foul Ball, location: 2F 0-1: Foul Ball, location: 2F 0-2: Ball 1-2: Ground out U3 (Groundball, 34) | Batting: SHB Ernest Hood | 0-0: Fly out, F5 (Line Drive, 5) | Batting: RHB Hank Quinn | 0-0: Ball 1-0: Ball 2-0: Ball 3-0: Called Strike 3-1: Base on Balls | Batting: RHB Dennis Ingram | 0-0: Called Strike 0-1: Ball 1-1: Ball 2-1: Foul Ball, location: 2F 2-2: Strikes out swinging | Top of the 4th over - 0 runs, 0 hits, 0 errors, 1 left on base; Oklahoma State 1 - Auburn 3 | BOTTOM OF THE 4TH |
---|
Auburn Tigers batting - Pitching for Oklahoma State Cowboys : LHP Jason Hall | Batting: RHB Mike Brown | 0-0: Called Strike 0-1: Ball 1-1: SINGLE (Groundball, 56D) | Batting: LHB Armando Vázquez | 0-0: Ball 1-0: Ball 2-0: Ball 3-0: Called Strike 3-1: Swinging Strike 3-2: DOUBLE (Line Drive, 7D) Mike Brown to third | Batting: RHB Mike Farley | 0-0: Ball 1-0: Ball 2-0: Ball 3-0: Base on Balls | Batting: LHB Julián Icaza | 0-0: Called Strike 0-1: Fly out, F7 (Flyball, 7LS) | Batting: SHB Andrew Johnson | 0-0: Ball 1-0: Swinging Strike 1-1: Ball 2-1: Called Strike 2-2: Foul Ball, location: 2F 2-2: Strikes out swinging | Batting: RHB Lou Perry | 0-0: Swinging Strike 0-1: Ball 1-1: SINGLE (Line Drive, 9S) Mike Brown scores Armando Vázquez to third Mike Farley to second Runner from 3rd tries for Home, SAFE, no throw | Batting: SHB Anthony Thomas | 0-0: Called Strike 0-1: Foul Ball, location: 2F 0-2: Foul Ball, location: 2F 0-2: Foul Ball, location: 2F 0-2: Foul Ball, location: 2F 0-2: Strikes out swinging | Bottom of the 4th over - 2 runs, 3 hits, 0 errors, 2 left on base; Oklahoma State 1 - Auburn 5 | TOP OF THE 5TH |
---|
Oklahoma State Cowboys batting - Pitching for Auburn Tigers : LHP Ed Taylor | Batting: RHB Ricardo Toledo | 0-0: Ground out 6-3 (Groundball, 6) | Batting: RHB Tony Swanson | 0-0: Ball 1-0: Foul Ball, location: 2F 1-1: Called Strike 1-2: Foul Ball, location: 2F 1-2: Foul Ball, location: 2F 1-2: SINGLE (Line Drive, 56D) | Batting: RHB Stephen Olvera | 0-0: Called Strike 0-1: Foul Ball, location: 2F 0-2: Strikes out swinging Tony Swanson is caught stealing 2nd base Batter strikes out. | Top of the 5th over - 0 runs, 1 hit, 0 errors, 0 left on base; Oklahoma State 1 - Auburn 5 | BOTTOM OF THE 5TH |
---|
Auburn Tigers batting - Pitching for Oklahoma State Cowboys : RHP Ryan Park | Pitching: RHP Ryan Park | | Batting: RHB Ed McVinish | 0-0: Called Strike 0-1: SINGLE (Line Drive, 34D) | Batting: LHB Emmett Logan | 0-0: Ball 1-0: Ball 2-0: Foul Ball, location: 2F 2-1: Foul Ball, location: 2F 2-2: Foul Ball, location: 2F 2-2: Fly out, F8 (Flyball, 8LS) | Batting: RHB Mike Brown | 0-0: Swinging Strike 0-1: Ball Ed McVinish steals 2nd base 1-1: Ball 2-1: Swinging Strike 2-2: Strikes out swinging | Batting: LHB Armando Vázquez | 0-0: Called Strike 0-1: Ball 1-1: Called Strike 1-2: Ball 2-2: Ball 3-2: Foul Ball, location: 2F 3-2: Foul Ball, location: 2F 3-2: Foul Ball, location: 2F 3-2: Strikes out swinging | Bottom of the 5th over - 0 runs, 1 hit, 0 errors, 1 left on base; Oklahoma State 1 - Auburn 5 | TOP OF THE 6TH |
---|
Oklahoma State Cowboys batting - Pitching for Auburn Tigers : LHP Ed Taylor | Batting: RHB Derrek Lane | 0-0: Called Strike 0-1: Ball 1-1: Swinging Strike 1-2: Foul Ball, location: 2F 1-2: Hit by Pitch | Batting: RHB Eddie Fisher | 0-0: Fly out, F3 (Line Drive, 3) Lined into DP, U3 (Line Drive, 3) | Batting: SHB Jacob Lachance | 0-0: Ball 1-0: Ball 2-0: Foul Ball, location: 2F 2-1: Called Strike 2-2: Ball 3-2: Strikes out swinging | Top of the 6th over - 0 runs, 0 hits, 0 errors, 0 left on base; Oklahoma State 1 - Auburn 5 | BOTTOM OF THE 6TH |
---|
Auburn Tigers batting - Pitching for Oklahoma State Cowboys : RHP Ryan Park | Batting: RHB Mike Farley | 0-0: Called Strike 0-1: Ball 1-1: Foul Ball, location: 2F 1-2: Foul Ball, location: 2F 1-2: Ball 2-2: Ball 3-2: Strikes out swinging | Batting: LHB Julián Icaza | 0-0: Ground out 5-3 (Groundball, 5L) | Batting: SHB Andrew Johnson | 0-0: Foul Ball, location: 2F 0-1: Ground out 5-3 (Groundball, 5) | Bottom of the 6th over - 0 runs, 0 hits, 0 errors, 0 left on base; Oklahoma State 1 - Auburn 5 | TOP OF THE 7TH |
---|
Oklahoma State Cowboys batting - Pitching for Auburn Tigers : LHP Ed Taylor | Batting: SHB Ernest Hood | 0-0: Ball 1-0: Ball 2-0: Called Strike 2-1: Foul Ball, location: 2F 2-2: Strikes out swinging | Pitching: RHP Jorge Alarcon | | Batting: RHB Hank Quinn | 0-0: Foul Ball, location: 2F 0-1: Called Strike 0-2: Ball 1-2: Strikes out looking | Batting: RHB Dennis Ingram | 0-0: SINGLE (Line Drive, 4MD) | Batting: RHB Ricardo Toledo | 0-0: Ball 1-0: Called Strike 1-1: Foul Ball, location: 2F 1-2: Ball 2-2: Fly out, F4 (Line Drive, 4M) | Top of the 7th over - 0 runs, 1 hit, 0 errors, 1 left on base; Oklahoma State 1 - Auburn 5 | BOTTOM OF THE 7TH |
---|
Auburn Tigers batting - Pitching for Oklahoma State Cowboys : RHP Ryan Park | Batting: RHB Lou Perry | 0-0: Swinging Strike 0-1: Ball 1-1: Swinging Strike 1-2: Foul Ball, location: 2F 1-2: Foul Ball, location: 2F 1-2: Foul Ball, location: 2F 1-2: Ball 2-2: Foul Ball, location: 2F 2-2: Foul Ball, location: 2F 2-2: SINGLE (Line Drive, 7LS) | Pitching: RHP Alberto Pérez | | Batting: SHB Anthony Thomas | 0-0: Ball 1-0: Ball 2-0: Ball 3-0: Base on Balls Lou Perry to second | Batting: RHB Ed McVinish | 0-0: Ball 1-0: Ball 2-0: Ball 3-0: Base on Balls Lou Perry to third Anthony Thomas to second | Pitching: LHP Alan Stewart | | Batting: LHB Emmett Logan | 0-0: Foul Ball, location: 2F 0-1: Fly out, F7 (Flyball, 7D) Runner from 3rd tags up, SCORES, no throw | Pitching: RHP Keith Crabtree | | Batting: RHB Mike Brown | 0-0: Ball 1-0: Ball 2-0: Called Strike 2-1: Ball 3-1: Called Strike 3-2: Base on Balls Anthony Thomas to third Ed McVinish to second | Batting: LHB Armando Vázquez | 0-0: Ball 1-0: SINGLE (Flyball, 9S) Anthony Thomas scores Ed McVinish to third Mike Brown to second Runner from 3rd tries for Home, SAFE, throw made home | Batting: RHB Mike Farley | 0-0: Foul Ball, location: 2F 0-1: Ball 1-1: Ball 2-1: Fly out, F9 (Flyball, 9S) | Batting: LHB Julián Icaza | 0-0: Called Strike 0-1: Ground out 3-1 (Groundball, 34S) | Bottom of the 7th over - 3 runs, 2 hits, 0 errors, 2 left on base; Oklahoma State 1 - Auburn 8 | TOP OF THE 8TH |
---|
Oklahoma State Cowboys batting - Pitching for Auburn Tigers : RHP Jorge Alarcon | Now in CF: Terry Cochrane | | Batting: RHB Tony Swanson | 0-0: Ball 1-0: Swinging Strike 1-1: Foul Ball, location: 2F 1-2: Strikes out swinging | Batting: RHB Stephen Olvera | 0-0: Foul Ball, location: 2F 0-1: Foul Ball, location: 2F 0-2: Strikes out swinging | Pitching: RHP Dan Ríos | | Batting: RHB Derrek Lane | 0-0: Ball 1-0: Ball 2-0: Fly out, F8 (Flyball, 8RS) | Top of the 8th over - 0 runs, 0 hits, 0 errors, 0 left on base; Oklahoma State 1 - Auburn 8 | BOTTOM OF THE 8TH |
---|
Auburn Tigers batting - Pitching for Oklahoma State Cowboys : RHP Keith Crabtree | Batting: SHB Andrew Johnson | 0-0: Ball 1-0: Called Strike 1-1: Foul Ball, location: 2F 1-2: SINGLE (Line Drive, 56D) | Batting: RHB Lou Perry | 0-0: Ball 1-0: Foul Ball, location: 2F 1-1: Ball 2-1: Ball 3-1: Base on Balls Andrew Johnson to second | Batting: SHB Anthony Thomas | 0-0: Called Strike 0-1: SINGLE (Line Drive, 4D) Andrew Johnson to third Lou Perry to second | Batting: RHB Ed McVinish | 0-0: Ball 1-0: Called Strike 1-1: Foul Ball, location: 2F 1-2: Ball 2-2: Fielders Choice at 2nd, 4-6 (Groundball, 4) Andrew Johnson scores Lou Perry to third | Batting: LHB Emmett Logan | 0-0: Called Strike 0-1: Swinging Strike 0-2: Ball 1-2: Strikes out swinging | Batting: RHB Mike Brown | 0-0: Called Strike 0-1: Ball 1-1: Fly out, F7 (Flyball, 7S) | Bottom of the 8th over - 1 run, 2 hits, 0 errors, 2 left on base; Oklahoma State 1 - Auburn 9 | TOP OF THE 9TH |
---|
Oklahoma State Cowboys batting - Pitching for Auburn Tigers : RHP Dan Ríos | Batting: RHB Eddie Fisher | 0-0: Called Strike 0-1: Ball 1-1: Foul Ball, location: 2F 1-2: Ball 2-2: Ball 3-2: Base on Balls | Batting: SHB Jacob Lachance | 0-0: Called Strike 0-1: Ball 1-1: Ball 2-1: TRIPLE (Flyball, 9LD) Eddie Fisher scores | Batting: SHB Ernest Hood | 0-0: Called Strike 0-1: Fly out, F6 (Line Drive, 6) | Batting: RHB Hank Quinn | 0-0: Ball 1-0: Foul Ball, location: 2F 1-1: SINGLE (Line Drive, 78M) Jacob Lachance scores | Batting: RHB Dennis Ingram | 0-0: Called Strike 0-1: Called Strike 0-2: Strikes out swinging | Batting: RHB Ricardo Toledo | 0-0: Swinging Strike 0-1: Swinging Strike 0-2: Strikes out looking | Top of the 9th over - 2 runs, 2 hits, 0 errors, 1 left on base; Oklahoma State 3 - Auburn 9 | |